 Dungeon Crawl Stone Soup version 0.29.0-4-gdea44cf6ec (webtiles) character file.

Game seed: 7399747387543580547

1546 qw the Grappler (level 8, -7/66 HPs)
             Began as a Ghoul Fire Elementalist on Aug 29, 2022.
             Was a Follower of Okawaru.
             Mangled by an ogre
             ... wielding a +0 giant club
              (16 damage)
             ... on level 6 of the Dungeon.
             The game lasted 00:04:27 (6460 turns).

qw the Grappler (Ghoul Fire Elementalist)           Turns: 6460, Time: 00:04:28

Health: -7/66      AC: 11    Str: 14    XL:     8   Next: 87%
Magic:  9/10       EV:  7    Int: 10    God:    Okawaru [*.....]
Gold:   765        SH: 10    Dex:  9    Spells: 9/10 levels left

rFire   . . .      SeeInvis .     - Unarmed
rCold   + . .      Faith    .   f - +0 buckler
rNeg    + + +      Spirit   .   h - +0 chain mail
rPois   inf        Reflect  +   (no helmet)
rElec   .          Harm     .   (no cloak)
rCorr   .          Rampage  .   (no gloves)
Will    .....                   j - +0 pair of boots
Stlth   ..........              k - amulet of reflection
HPRegen 0.00/turn               a - +4 ring of slaying {mikee}
MPRegen 0.12/turn               (no ring)

@: heroic, inhibited regen
A: claws 1, cold resistance 1, negative energy resistance 3, inhibited
regeneration, torment resistance 2, devour on kill
a: Renounce Religion, Heroism


You were on level 6 of the Dungeon.
You worshipped Okawaru.
Okawaru was aware of your devotion.
You visited 1 branch of the dungeon, and saw 6 of its levels.

You collected 895 gold pieces.
You spent 130 gold pieces at shops.


Innate Abilities, Weirdness & Mutations

You are immune to poison.
You have sharp fingernails.
Your flesh is cold resistant. (rC+)
You are immune to negative energy. (rN+++)
You do not regenerate when monsters are visible.
You are immune to unholy pain and torment.
You thrive by killing the living.


   Skills:
 + Level 4.0(9.0) Fighting
 - Level 2.0(7.0) Armour
 - Level 1.7(6.7) Dodging
 - Level 2.1(7.1) Stealth
 - Level 2.0(7.0) Shields
 - Level 9.1(14.1) Unarmed Combat
 - Level 1.7 Spellcasting
 - Level 0.7 Conjurations
 - Level 2.4 Fire Magic
 - Level 4.2 Invocations


You had 9 spell levels left.
You knew the following spells:

 Your Spells              Type           Power      Damage    Failure   Level
a - Foxfire               Conj/Fire      16%        2x1d4     98%         1

Your spell library contained the following spells:

 Spells                   Type           Power      Damage    Failure   Level
 Scorch                   Fire           10%        2d6       99%         2
 Conjure Flame            Conj/Fire      4%         6-21      100%        3
 Inner Flame              Hex/Fire       3%         N/A       100%        3
 Flame Wave               Conj/Fire      4%         2d5       100%        4

Inventory:

Missiles
 b - 5 boomerangs (quivered)
Armour
 f - a +0 buckler (worn)
 h - a +0 chain mail (worn)
 j - a +0 pair of boots (worn)
Jewellery
 a - a +4 ring of slaying (left claw) {mikee}
 k - an amulet of reflection (around neck)
Scrolls
 c - 2 scrolls of identify
 d - 2 scrolls of enchant weapon
Potions
 i - a potion of haste
 l - a potion of curing

Dungeon Overview and Level Annotations

Branches:
Dungeon (6/15)             Temple (0/1) D:6

Altars:
Cheibriados
Dithmenos
Fedhas
Gozag
Okawaru
Qazlal
Ru
Trog
Uskayaw
Vehumet

Shops:
D:3 ?

Annotations:
D:6 Grinder


Message History

You feel like a meek peon again.
6451 ||| INVOKING Heroism.
You gain the combat prowess of a mighty hero.
The gnoll barely misses you. You block the hobgoblin's attack.
The gnoll hits you from afar with a +0 spear.
You block the gnoll's attack.
6452 ||| Stepping ~*~*~tactically~*~*~ (outnumbered).
The gnoll attacks as you move away! You block the gnoll's attack.
You scratch the gnoll.
The gnoll is moderately wounded.
The hobgoblin closely misses you. You block the gnoll's attack.
The gnoll barely misses you.
You closely miss the gnoll.
The gnoll is moderately wounded.
The gnoll hits you but does no damage. x2
The hobgoblin hits you but does no damage.
The gnoll hits you but does no damage.
You mangle the gnoll!!
You kill the gnoll!
Okawaru accepts your kill.
You feel better. The gnoll hits you but does no damage.
The hobgoblin closely misses you.
You claw the hobgoblin!
You kill the hobgoblin!
Okawaru accepts your kill. The gnoll hits you but does no damage.
You block the gnoll's attack. The ogre closely misses you.
The gnoll hits you from afar with a +0 spear.
You block the gnoll's attack.
You scratch the ogre.
The ogre is lightly wounded.
The gnoll hits you but does no damage.
The ogre hits you with a +0 giant club!!
You barely miss the ogre.
The ogre is lightly wounded.
You block the gnoll's attack. The gnoll closely misses you.
You barely miss the ogre.
The ogre is lightly wounded.
The gnoll completely misses you. The ogre hits you with a +0 giant club!
You die...

.... #..###~~##).
#.
....###..##~~#..#
#. #......)..~#..#
#. #.....)##..#..#
##.
#......###)...###.)
#......# ##........
#.gg...# #########
#))O...# #.@....#
########


You could see an ogre and 2 gnolls.

Vanquished Creatures
  Menkaure (D:4)
  A water moccasin (D:5)
  2 ice beasts
  An ogre (D:6)
  A necrophage (D:5)
  5 scorpions
  A hound (D:5)
  3 gnoll boudas
  A jelly (D:5)
  3 orc priests
  Natasha (thrice) (D:4)
  2 orc wizards
  14 gnolls
  6 adders
  2 shadow imps
  An ufetubus (D:6)
  2 worms
  18 orcs
  8 endoplasms
  6 giant cockroaches
  8 goblins
  12 hobgoblins
  8 kobolds
  9 quokkas
  6 ball pythons
  4 bats
  2 frilled lizards (D:1)
  12 rats
142 creatures vanquished.

Notes
Turn   | Place    | Note
-------+----------+-------------------------------------------
     0 | D:1      | qw the Ghoul Fire Elementalist began the quest for the Orb.
     0 | D:1      | Reached XP level 1. HP: 14/14 MP: 2/2
     0 | D:1      | 0 ||| qw: Version: 0.1-a-90-g952f4b7
     0 | D:1      | 0 ||| qw: Game counter: 3940
     0 | D:1      | 0 ||| qw: Always use a shield: true
     0 | D:1      | 0 ||| qw: God list: Okawaru
     0 | D:1      | 0 ||| qw: Allow faded altars: false
     0 | D:1      | 0 ||| qw: Do Orc after D:15 true
     0 | D:1      | 0 ||| qw: Do second Lair branch before Depths: true
     0 | D:1      | 0 ||| qw: Lair rune preference: random
     0 | D:1      | 0 ||| qw: Plans: Normal
     0 | D:1      | 0 ||| PLANNING D:1-11
   216 | D:1      | You fall into a shaft and drop 1 floor!
   221 | D:2      | Identified the +10 dagger of Cysideg {holy, rF+ rN+}
   237 | D:2      | Identified the +2 leather armour "Mossesh" {rC+}
   251 | D:2      | Found a faded altar of an unknown god.
   307 | D:2      | 307 ||| UPGRADING to +2 leather armour "Mossesh" {rC+}.
   317 | D:2      | 317 ||| DROPPING +0 robe.
   318 | D:2      | 318 ||| READING scroll labelled GAWEXT SUROWK.
   319 | D:2      | 319 ||| DROPPING potion of magic.
   343 | D:1      | Reached skill level 1 in Unarmed Combat
   396 | D:1      | Reached skill level 1 in Fighting
   396 | D:1      | Reached XP level 2. HP: 22/23 MP: 3/3
  1060 | D:1      | Reached skill level 2 in Unarmed Combat
  1303 | D:1      | 1303 ||| UPGRADING to +0 pair of boots.
  1308 | D:1      | 1308 ||| UPGRADING to +4 ring of slaying {mikee}.
  1309 | D:1      | 1309 ||| READING scroll labelled XUREF VUCVADEC OTU.
  1310 | D:1      | 1310 ||| READING scroll labelled FIEVVUN ZUFRE.
  1311 | D:1      | 1311 ||| READING scroll labelled NILAEJ ICEAM.
  1311 | D:1      | Identified a scroll of acquirement
  1311 | D:1      | 1311 ||| ACQUIRING 580 gold pieces
  1311 | D:1      | Acquired 580 gold pieces
  1313 | D:1      | 1313 ||| READING scroll labelled BAISTA SESIALI.
  1381 | D:2      | Identified the +1 ring mail of the End {+Blink rN+ rCorr
                  | Dex-5}
  1411 | D:2      | Reached XP level 3. HP: 28/28 MP: 4/4
  1566 | D:2      | Reached skill level 3 in Unarmed Combat
  1638 | D:2      | 1638 ||| Stepping ~*~*~tactically~*~*~ (stealth).
  1704 | D:2      | 1704 ||| Stepping ~*~*~tactically~*~*~ (stealth).
  1706 | D:2      | 1706 ||| Stepping ~*~*~tactically~*~*~ (stealth).
  1727 | D:2      | 1727 ||| Stepping ~*~*~tactically~*~*~ (stealth).
  1729 | D:2      | 1729 ||| Stepping ~*~*~tactically~*~*~ (stealth).
  2003 | D:2      | 2003 ||| READING scroll labelled AWIOQOW WIESE.
  2004 | D:2      | 2004 ||| READING scroll labelled KAENAB MOBRU.
  2030 | D:3      | 2030 ||| PLANNING SEWER
  2033 | D:3      | Reached XP level 4. HP: 35/35 MP: 5/5
  2040 | D:3      | Noticed a moth of wrath
  2043 | D:3      | Found a bloodstained altar of Trog.
  2123 | D:3      | 2123 ||| Stepping ~*~*~tactically~*~*~ (outnumbered).
  2124 | D:3      | 2124 ||| Stepping ~*~*~tactically~*~*~ (outnumbered).
  2125 | D:3      | 2125 ||| Stepping ~*~*~tactically~*~*~ (outnumbered).
  2126 | D:3      | 2126 ||| Stepping ~*~*~tactically~*~*~ (outnumbered).
  2127 | D:3      | 2127 ||| Stepping ~*~*~tactically~*~*~ (outnumbered).
  2128 | D:3      | 2128 ||| Stepping ~*~*~tactically~*~*~ (outnumbered).
  2130 | D:3      | 2130 ||| Stepping ~*~*~tactically~*~*~ (outnumbered).
  2131 | D:3      | 2131 ||| Stepping ~*~*~tactically~*~*~ (outnumbered).
  2132 | D:3      | 2132 ||| Stepping ~*~*~tactically~*~*~ (outnumbered).
  2133 | D:3      | 2133 ||| Stepping ~*~*~tactically~*~*~ (outnumbered).
  2134 | D:3      | 2134 ||| Stepping ~*~*~tactically~*~*~ (outnumbered).
  2135 | D:3      | 2135 ||| Stepping ~*~*~tactically~*~*~ (stealth).
  2137 | D:3      | 2137 ||| Stepping ~*~*~tactically~*~*~ (outnumbered).
  2146 | D:3      | Reached skill level 4 in Unarmed Combat
  2170 | D:3      | 2170 ||| FLEEEEING.
  2171 | D:3      | 2171 ||| FLEEEEING.
  2172 | D:3      | 2172 ||| FLEEEEING.
  2173 | D:3      | 2173 ||| FLEEEEING.
  2174 | D:3      | 2174 ||| FLEEEEING.
  2175 | D:3      | 2175 ||| STAIRDANCE
  2341 | D:2      | 2341 ||| DROPPING +1 ring mail of the End {+Blink rN+ rCorr
                  | Dex-5}.
  2342 | D:2      | 2342 ||| UPGRADING to +0 ring mail.
  2355 | D:3      | 2355 ||| Stepping ~*~*~tactically~*~*~ (hiding).
  2584 | D:3      | Found a faded altar of an unknown god.
  2589 | D:3      | Found a blossoming altar of Fedhas.
  2593 | D:3      | Identified the +2 dagger "Raedgh Luib" {spect, Int+5}
  2706 | D:3      | 2706 ||| RIP SEWER
  2708 | D:3      | 2708 ||| PLANNING D:1-11
  2715 | D:3      | 2715 ||| Stepping ~*~*~tactically~*~*~ (outnumbered).
  2716 | D:3      | 2716 ||| Stepping ~*~*~tactically~*~*~ (outnumbered).
  2717 | D:3      | 2717 ||| Stepping ~*~*~tactically~*~*~ (outnumbered).
  2718 | D:3      | 2718 ||| Stepping ~*~*~tactically~*~*~ (outnumbered).
  2719 | D:3      | 2719 ||| Stepping ~*~*~tactically~*~*~ (outnumbered).
  2720 | D:3      | 2720 ||| Stepping ~*~*~tactically~*~*~ (outnumbered).
  2721 | D:3      | 2721 ||| Stepping ~*~*~tactically~*~*~ (outnumbered).
  2722 | D:3      | 2722 ||| Stepping ~*~*~tactically~*~*~ (outnumbered).
  2724 | D:3      | 2724 ||| Stepping ~*~*~tactically~*~*~ (outnumbered).
  2725 | D:3      | 2725 ||| Stepping ~*~*~tactically~*~*~ (outnumbered).
  2726 | D:3      | 2726 ||| Stepping ~*~*~tactically~*~*~ (outnumbered).
  2727 | D:3      | 2727 ||| Stepping ~*~*~tactically~*~*~ (outnumbered).
  2730 | D:3      | 2730 ||| Stepping ~*~*~tactically~*~*~ (outnumbered).
  2731 | D:3      | 2731 ||| Stepping ~*~*~tactically~*~*~ (stealth).
  2733 | D:3      | 2733 ||| Stepping ~*~*~tactically~*~*~ (outnumbered).
  2734 | D:3      | 2734 ||| Stepping ~*~*~tactically~*~*~ (outnumbered).
  2735 | D:3      | 2735 ||| Stepping ~*~*~tactically~*~*~ (outnumbered).
  2736 | D:3      | 2736 ||| Stepping ~*~*~tactically~*~*~ (outnumbered).
  2737 | D:3      | 2737 ||| Stepping ~*~*~tactically~*~*~ (outnumbered).
  2738 | D:3      | 2738 ||| Stepping ~*~*~tactically~*~*~ (outnumbered).
  2739 | D:3      | 2739 ||| Stepping ~*~*~tactically~*~*~ (outnumbered).
  2741 | D:3      | Reached XP level 5. HP: 21/41 MP: 6/6
  2743 | D:3      | 2743 ||| FLEEEEING.
  2746 | D:3      | 2746 ||| FLEEEEING.
  2747 | D:3      | 2747 ||| FLEEEEING.
  2749 | D:3      | 2749 ||| FLEEEEING.
  2750 | D:3      | 2750 ||| FLEEEEING.
  2751 | D:3      | 2751 ||| FLEEEEING.
  2752 | D:3      | 2752 ||| FLEEEEING.
  2753 | D:3      | 2753 ||| STAIRDANCE
  2891 | D:2      | 2891 ||| DROPPING +2 leather armour "Mossesh" {rC+}.
  2892 | D:2      | 2892 ||| DROPPING +1 robe of resistance.
  2893 | D:2      | 2893 ||| UPGRADING to +0 chain mail.
  2903 | D:2      | 2903 ||| DROPPING +0 ring mail.
  2904 | D:2      | 2904 ||| UPGRADING to amulet of reflection.
  2909 | D:2      | 2909 ||| READING scroll labelled DEYFAO PEDGHUWN.
  2910 | D:2      | 2910 ||| READING 2 scrolls of identify.
  2910 | D:2      | 2910 ||| IDENTIFYING orange potion
  2911 | D:2      | 2911 ||| DROPPING potion of brilliance.
  3002 | D:3      | Found Ihow's Magic Scroll Shoppe.
  3011 | D:3      | 3011 ||| BUYING scroll of identify (26 gold).
  3011 | D:3      | Bought a scroll of identify for 26 gold pieces
  3011 | D:3      | 3011 ||| BUYING scroll of identify (26 gold).
  3011 | D:3      | Bought a scroll of identify for 26 gold pieces
  3011 | D:3      | 3011 ||| BUYING scroll of teleportation (39 gold).
  3011 | D:3      | Bought a scroll of teleportation for 39 gold pieces
  3011 | D:3      | 3011 ||| BUYING scroll of teleportation (39 gold).
  3011 | D:3      | Bought a scroll of teleportation for 39 gold pieces
  3060 | D:3      | Found a stormy altar of Qazlal.
  3129 | D:3      | Found a snail-covered altar of Cheibriados.
  3152 | D:3      | 3152 ||| DROPPING ring of wizardry.
  3153 | D:3      | 3153 ||| READING 3 scrolls of identify.
  3153 | D:3      | 3153 ||| IDENTIFYING bubbling orange potion
  3274 | D:3      | 3274 ||| READING 2 scrolls of teleportation.
  3275 | D:3      | 3275 ||| STAIRDANCE
  3326 | D:4      | 3326 ||| STAIRDANCE
  3352 | D:4      | Reached skill level 1 in Armour
  3418 | D:4      | Found a sacrificial altar of Ru.
  3436 | D:4      | Reached skill level 5 in Unarmed Combat
  3436 | D:4      | Reached XP level 6. HP: 36/48 MP: 7/7
  3521 | D:4      | Found an iron altar of Okawaru.
  3528 | D:4      | Noticed Menkaure
  3529 | D:4      | 3529 ||| Stepping ~*~*~tactically~*~*~ (hiding).
  3540 | D:4      | Killed Menkaure
  3541 | D:4      | Reached skill level 6 in Unarmed Combat
  3624 | D:4      | 3624 ||| Stepping ~*~*~tactically~*~*~ (stealth).
  3735 | D:4      | Became a worshipper of Warmaster Okawaru
  3889 | D:4      | 3889 ||| Stepping ~*~*~tactically~*~*~ (hiding).
  3890 | D:4      | 3890 ||| Stepping ~*~*~tactically~*~*~ (stealth).
  3891 | D:4      | 3891 ||| Stepping ~*~*~tactically~*~*~ (stealth).
  3893 | D:4      | 3893 ||| Stepping ~*~*~tactically~*~*~ (hiding).
  3893 | D:4      | Noticed Natasha
  3894 | D:4      | 3894 ||| Stepping ~*~*~tactically~*~*~ (hiding).
  3906 | D:4      | Killed Natasha
  3907 | D:4      | Reached skill level 3 in Fighting
  3910 | D:4      | HP: 11/51 [gnoll bouda/+0 whip (9)]
  3911 | D:4      | 3911 ||| READING scroll of teleportation.
  3913 | D:4      | Reached XP level 7. HP: 9/57 MP: 8/8
  4081 | D:4      | Noticed Natasha
  4082 | D:4      | 4082 ||| Stepping ~*~*~tactically~*~*~ (stealth).
  4096 | D:4      | 4096 ||| Stepping ~*~*~tactically~*~*~ (stealth).
  4097 | D:4      | 4097 ||| Stepping ~*~*~tactically~*~*~ (stealth).
  4101 | D:4      | Killed Natasha
  4150 | D:4      | Noticed a +0 short sword
  4151 | D:4      | Noticed a +0 falchion
  4152 | D:4      | Noticed a +0 falchion
  4152 | D:4      | Noticed a +0 dagger
  4153 | D:4      | Noticed a +0 spear
  4153 | D:4      | Noticed a +0 short sword
  4153 | D:4      | Noticed a +0 spear
  4154 | D:4      | Noticed a +0 dagger
  4160 | D:4      | Found a hide-covered altar of Uskayaw.
  4233 | D:4      | Noticed Natasha
  4235 | D:4      | Killed Natasha
  4389 | D:4      | 4389 ||| Stepping ~*~*~tactically~*~*~ (stealth).
  4464 | D:4      | 4464 ||| READING scroll labelled LESUR ASYFE.
  4465 | D:4      | 4465 ||| READING scroll labelled TUNGIE QIOCAAFF.
  4466 | D:4      | 4466 ||| READING scroll labelled FAK ENENIOHY.
  4467 | D:4      | 4467 ||| DRINKING 2 cyan potions.
  4468 | D:4      | 4468 ||| READING 4 scrolls of identify.
  4468 | D:4      | 4468 ||| IDENTIFYING lumpy red potion
  4469 | D:4      | 4469 ||| DROPPING potion of degeneration.
  4558 | D:3      | 4558 ||| Stepping randomly (stuck).
  4573 | D:5      | Entered Level 5 of the Dungeon
  4628 | D:5      | Reached skill level 7 in Unarmed Combat
  4639 | D:5      | 4639 ||| Stepping ~*~*~tactically~*~*~ (hiding).
  4660 | D:5      | HP: 10/57 [something/puff of flame (8)]
  4940 | D:5      | Reached * piety under Okawaru
  4941 | D:5      | Reached skill level 8 in Unarmed Combat
  4941 | D:5      | 4941 ||| INVOKING Heroism.
  4944 | D:5      | Reached skill level 1 in Invocations
  5065 | D:5      | 5065 ||| Stepping ~*~*~tactically~*~*~ (stealth).
  5066 | D:5      | 5066 ||| Stepping ~*~*~tactically~*~*~ (stealth).
  5074 | D:5      | 5074 ||| Stepping ~*~*~tactically~*~*~ (stealth).
  5075 | D:5      | 5075 ||| Stepping ~*~*~tactically~*~*~ (stealth).
  5077 | D:5      | 5077 ||| INVOKING Heroism.
  5157 | D:5      | 5157 ||| INVOKING Heroism.
  5161 | D:5      | Reached XP level 8. HP: 66/66 MP: 6/9
  5348 | D:5      | Found a shadowy altar of Dithmenos.
  5349 | D:5      | 5349 ||| INVOKING Heroism.
  5353 | D:5      | 5353 ||| Stepping ~*~*~tactically~*~*~ (outnumbered).
  5557 | D:5      | Found a radiant altar of Vehumet.
  5589 | D:5      | Reached skill level 3 in Invocations
  5758 | D:5      | 5758 ||| Stepping ~*~*~tactically~*~*~ (stealth).
  5760 | D:5      | 5760 ||| Stepping ~*~*~tactically~*~*~ (stealth).
  5762 | D:5      | 5762 ||| Stepping ~*~*~tactically~*~*~ (stealth).
  5763 | D:5      | 5763 ||| Stepping ~*~*~tactically~*~*~ (stealth).
  5768 | D:5      | 5768 ||| INVOKING Heroism.
  5769 | D:5      | 5769 ||| Stepping ~*~*~tactically~*~*~ (outnumbered).
  5770 | D:5      | 5770 ||| Stepping ~*~*~tactically~*~*~ (outnumbered).
  5771 | D:5      | 5771 ||| Stepping ~*~*~tactically~*~*~ (outnumbered).
  5772 | D:5      | 5772 ||| Stepping ~*~*~tactically~*~*~ (outnumbered).
  5773 | D:5      | 5773 ||| Stepping ~*~*~tactically~*~*~ (outnumbered).
  5774 | D:5      | 5774 ||| Stepping ~*~*~tactically~*~*~ (outnumbered).
  5775 | D:5      | 5775 ||| Stepping ~*~*~tactically~*~*~ (outnumbered).
  5776 | D:5      | 5776 ||| Stepping ~*~*~tactically~*~*~ (outnumbered).
  6122 | D:5      | 6122 ||| UPGRADING to +0 buckler.
  6127 | D:5      | 6127 ||| READING 3 scrolls of identify.
  6127 | D:5      | 6127 ||| IDENTIFYING murky ruby potion
  6128 | D:5      | 6128 ||| DROPPING potion of attraction.
  6167 | D:6      | 6167 ||| INVOKING Heroism.
  6174 | D:6      | Reached skill level 1 in Shields
  6270 | D:6      | Found a staircase to the Ecumenical Temple.
  6324 | D:6      | Found an opulent altar of Gozag.
  6378 | D:6      | Noticed Grinder
  6414 | D:6      | 6414 ||| Stepping ~*~*~tactically~*~*~ (stealth).
  6425 | D:6      | 6425 ||| INVOKING Heroism.
  6438 | D:6      | 6438 ||| Stepping ~*~*~tactically~*~*~ (outnumbered).
  6446 | D:6      | Reached skill level 9 in Unarmed Combat
  6446 | D:6      | 6446 ||| Stepping ~*~*~tactically~*~*~ (outnumbered).
  6447 | D:6      | 6447 ||| Stepping ~*~*~tactically~*~*~ (outnumbered).
  6448 | D:6      | 6448 ||| Stepping ~*~*~tactically~*~*~ (outnumbered).
  6449 | D:6      | 6449 ||| Stepping ~*~*~tactically~*~*~ (outnumbered).
  6450 | D:6      | 6450 ||| Stepping ~*~*~tactically~*~*~ (outnumbered).
  6451 | D:6      | 6451 ||| INVOKING Heroism.
  6452 | D:6      | 6452 ||| Stepping ~*~*~tactically~*~*~ (outnumbered).
  6458 | D:6      | HP: 9/66 [ogre/+0 giant club (19)]
  6460 | D:6      | Mangled by an ogre

Levels and vault maps discovered:
D:1:      evilmike_arrival_fibonacci_small, layout_basic, dreamdust_wishing_well
D:2:      layout_basic, shapermc_ecumenical_altar_ellora, nicolae_hexahallways
D:3:      layout_rooms, tso_oasis_becter, lemuel_tele_altar,
          nicolae_qazlal_general_emergency, tgw_trog,
          nicolae_overflow_ecumenical_swirl, gup_sewer_entry_pipe, serial_shops,
          shop
D:4:      layout_loops_ring, mainiacjoe_overflow_small_starburst,
          nicolae_uskayaw_en_pointe, okawaru_metal_pillars_3, uniq_natasha,
          uniq_menkaure
D:5:      layout_basic, nicolae_vehumet_altar_sigil, grunt_dithmenos_shadows,
          minmay_misc_feat_pillars, grunt_decor_fettered, chequers_garden
D:6:      cheibrodos_thug_alley, layout_basic, overflow_temple_1_default,
          general_overflow_altar, minmay_temple_entry_overgrown, uniq_grinder,
          uniq_pikel

Skill      XL: |  1  2  3  4  5  6  7  8 |
---------------+-------------------------+-----
Unarmed Combat | 1 2 3 4 5 6 8 9 |  9.1
Fighting       | 1 2 3 4 |  4.0
Armour         | 1 2 |  2.0
Invocations    | 1 4 |  4.2
Shields        | 2 |  2.0
Dodging        | |  1.7
Stealth        | |  2.1
Spellcasting   | |  1.7
Conjurations   | |  0.7
Fire Magic     | |  2.4

Action                   |  1- 3 |  4- 6 |  7- 9 || total
-------------------------+-------+-------+-------++-------
Melee: Unarmed           |    95 |   129 |   152 ||   376
       Punch             |     3 |     3 |     3 ||     9
Throw: Boomerang         |    38 |    41 |    35 ||   114
Invok: Heroism           |       |       |     8 ||     8
  Use: Scroll            |     7 |     5 |     5 ||    17
       Potion            |       |       |     1 ||     1
Armor: Leather armour    |    26 |     4 |       ||    30
       Ring mail         |       |     5 |       ||     5
       Chain mail        |       |    30 |    65 ||    95
Dodge: Dodged            |    43 |    43 |    49 ||   135
Block: Other             |       |    17 |    21 ||    38
       Buckler           |       |       |    34 ||    34

Table legend:
 A = Non-vault XP
 B = Vault XP
 C = Vault XP percentage of total XP
 D = Non-vault monster count
 E = Vault monster count
 F = Vault count percentage of total count
                 A         B        C        D         E       F
            +---------+---------+-------+---------+---------+-------
      Total |    1953 |     256 |  11.6 |     120 |      22 |  15.5
            +---------+---------+-------+---------+---------+-------
        D:1 |      25 |       0 |   0.0 |      16 |       0 |   0.0
        D:2 |      48 |       0 |   0.0 |      21 |       0 |   0.0
        D:3 |      94 |      29 |  23.6 |      24 |      15 |  38.5
        D:4 |     317 |     210 |  39.8 |      20 |       2 |   9.1
        D:5 |    1004 |      11 |   1.1 |      28 |       1 |   3.4
        D:6 |     465 |       6 |   1.3 |      11 |       4 |  26.7
            +---------+---------+-------+---------+---------+-------
